 Dungeon Crawl Stone Soup version 0.27.0-1-g7a089689b8 (webtiles) character file.

Game seed: 4602812548265858106

5753 ZARRMARR the Thrower (level 10, 0/94 HPs)
             Began as a Troll Hunter on Aug 4, 2021.
             Was an Initiate of Ru.
             Killed from afar by a manticore (16 damage)
             ... with a volley of spikes
             ... on level 9 of the Dungeon.
             The game lasted 01:07:30 (8876 turns).

ZARRMARR the Thrower (Troll Hunter)                 Turns: 8876, Time: 01:07:30

Health: 0/94       AC:  4    Str: 22    XL:     10   Next: 49%
Magic:  9/9        EV: 11    Int:  7    God:    Ru [......]
Gold:   500        SH:  0    Dex: 13    Spells: 6/9 levels left

rFire    . . .     SeeInvis .   c - +4 giant spiked club
rCold    . . .     Faith    .   (shield currently unavailable)
rNeg     + . .     Spirit   .   b - +0 robe
rPois    .         Reflect  .   (helmet restricted)
rElec    .         Harm     .   (no cloak)
rCorr    .         Rampage  .   (gloves unavailable)
Will     .....                  (boots unavailable)
Stlth    ++........             (no amulet)
HPRegen  1.25/turn              t - ring of positive energy
MPRegen  0.11/turn              (no ring)

@: spiked, studying Short Blades
A: large, unfitting armour, claws 3, regeneration 1, shaggy fur 1, tough skin 1
a: Renounce Religion


You were on level 9 of the Dungeon.
You worshipped Ru.
Ru was noncommittal.
You visited 2 branches of the dungeon, and saw 10 of its levels.

You collected 500 gold pieces.

Inventory:

Hand Weapons
 c - a +4 giant spiked club (weapon)
Missiles
 j - 109 stones
 r - 5 boomerangs of dispersal (quivered)
 u - 35 poisoned darts
 y - 10 boomerangs
Armour
 b - a +0 robe (worn)
Jewellery
 t - a ring of positive energy (left claw)
Scrolls
 a - 3 scrolls of amnesia
 g - 7 scrolls of noise
 k - 3 scrolls of enchant armour
 l - a scroll of magic mapping
 p - 3 scrolls of vulnerability
 v - a scroll of torment
 w - a scroll of fog {unknown}
 z - a scroll of immolation {unknown}
 A - a scroll of blinking {unknown}
Potions
 d - 2 potions of resistance {unknown}
 e - 2 potions of curing {unknown}
 f - a potion of heal wounds {unknown}
 h - 3 potions of brilliance
 i - 2 potions of lignification {unknown}
 m - a potion of berserk rage {unknown}
 n - a potion of attraction {unknown}
 o - a potion of magic {unknown}
 q - 2 potions of flight {unknown}
 s - a potion of degeneration {unknown}


   Skills:
 + Level 4.3 Fighting
 + Level 4.4 Maces & Flails
 + Level 9.3 Throwing
 + Level 4.8 Dodging
 + Level 3.0 Stealth
 + Level 7.5 Unarmed Combat


You had 6 spell levels left.
You knew the following spells:

 Your Spells              Type           Power      Damage    Failure   Level
a - Swiftness             Air            0%         N/A       80%         3

Your spell library contained the following spells:

 Spells                   Type           Power      Damage    Failure   Level
 Corona                   Hex            0%         N/A       43%         1
 Magic Dart               Conj           0%         1d3       43%         1
 Shock                    Conj/Air       0%         1d3       43%         1
 Ensorcelled Hibernation  Hex/Ice        0%         N/A       56%         2
 Searing Ray              Conj           0%         3d3       56%         2
 Frozen Ramparts          Ice            0%         1d2       80%         3
 Gell's Gravitas          Tloc           0%         N/A       80%         3
 Lesser Beckoning         Tloc           0%         N/A       80%         3
 Stone Arrow              Conj/Erth      0%         3d7       80%         3
 Teleport Other           Tloc           0%         N/A       80%         3
 Tukima's Dance           Hex            0%         N/A       80%         3
 Airstrike                Air            0%         N/A       99%         4
 Fulminant Prism          Conj/Hex       0%         3d6       99%         4
 Ice Form                 Ice/Tmut       0%         N/A       99%         4
 Summon Ice Beast         Ice/Summ       0%         N/A       99%         4
 Bolt of Magma            Conj/Fire/Erth 0%         4d4       100%        5
 Dispersal                Tloc           0%         N/A       100%        6
 Disjunction              Tloc           0%         N/A       100%        8
 Shatter                  Erth           0%         3d5*      100%        9


Dungeon Overview and Level Annotations

Branches:
Dungeon (9/15)             Temple (0/1) D:5            Lair (1/6) D:8
    Orc: D:9-12

Altars:
Cheibriados
Fedhas
Makhleb
Qazlal
Ru
Sif Muna
Uskayaw
Vehumet
Xom
The Shining One

Shops:
D:8 *

Annotations:
D:4 2 transporters, TheOneDM's ghost, amateur FeBe


Innate Abilities, Weirdness & Mutations

You are too large for most types of armour.
You have claws for hands.
Your natural rate of healing is unusually fast.
You are covered in fur. (AC +1)
You have tough skin. (AC +1)


Message History

The manticore claws you.
You thump the manticore!
The manticore is moderately wounded.
The manticore barely misses you. x2; The manticore closely misses you.
The manticore bites you. The manticore claws you. x2
You barely miss the manticore.
The manticore is moderately wounded.
The manticore bites you! The manticore closely misses you. x2
You sock the manticore!
The manticore is heavily wounded.
The manticore bites you! The manticore claws you. x2
The manticore bites you!!
* * * LOW HITPOINT WARNING * * *
The manticore completely misses you. The manticore claws you.
* * * LOW HITPOINT WARNING * * *
Throw: 8 boomerangs (disperse)
Press: ? - help, Q - select action, (/) - cycle Shift-Dir - straight line, f - manticore
Aim: a manticore (heavily wounded, 74% to hit)
You throw a boomerang of dispersal.
The boomerang of dispersal hits the manticore!
The manticore blinks!
The manticore is almost dead.
The manticore flicks its tail.
The volley of spikes hits you!
The barbed spikes become lodged in your body.
* * * LOW HITPOINT WARNING * * *
Throw: 7 boomerangs (disperse)
Press: ? - help, Q - select action, (/) - cycle Shift-Dir - straight line, f/p - manticore
Aim: a manticore (almost dead, 74% to hit)
You throw a boomerang of dispersal.
The boomerang of dispersal barely misses the manticore.
Throw: 6 boomerangs (disperse)
Press: ? - help, Q - select action, (/) - cycle Shift-Dir - straight line, f/p - manticore
Aim: a manticore (almost dead, 74% to hit)
You throw a boomerang of dispersal.
The boomerang of dispersal closely misses the manticore.
The manticore flicks its tail.
The volley of spikes hits you!
The barbed spikes become lodged in your body.
You die...

#.....#####'#########..##...
#<..................##.##...
#.†..............#..........
#.....#..........#....#...#.
#....†#..............###.###
#.....................#...#.
#.........##########...._...
#.........'.......>...#...#.
#.........#@.........###.###
#.........#.....H.....#... .
#.........#............. ..
#.........#............ ...
#.........#............ #..#
#.........##########... #..
#................ .. ...
#..............## .
#..............#


You could see a manticore.

Vanquished Creatures
  A deep elf pyromancer (D:7)
  15 yaks
  A steam dragon (D:8)
  2 water moccasins (D:7)
  A black bear (D:5)
  An orc warrior (D:9)
  A sky beast (D:6)
  A hornet zombie (D:9)
  An ice beast (D:7)
  2 ogres
  3 phantoms
  3 centaurs
  5 bullfrogs
  2 gnoll sergeants
  2 scorpions
  3 wights (D:8)
  A howler monkey (D:6)
  4 crimson imps (D:3)
  A bullfrog zombie (D:5)
  6 jellies
  A centaur zombie (D:8)
  A bullfrog skeleton (D:5)
  4 orc priests
  2 hounds
  A centaur skeleton (D:7)
  An iguana (D:6)
  A scorpion zombie (D:5)
  2 orc wizards
  2 howler monkey skeletons
  7 gnolls
  11 adders
  A shadow imp (D:6)
  2 white imps
  3 adder skeletons (D:4)
  2 worms (D:2)
  2 dart slugs (D:2)
  17 orcs
  10 ball pythons
  5 bats
  7 endoplasms
  5 giant cockroaches
  11 goblins
  5 hobgoblins
  3 jackals (D:2)
  11 kobolds
  4 quokkas
  3 frilled lizards
  7 rats
187 creatures vanquished.

Vanquished Creatures (others)
  2 fungi (D:8)
2 creatures vanquished.

Grand Total: 189 creatures vanquished

Notes
Turn   | Place    | Note
-------+----------+-------------------------------------------
     0 | D:1      | ZARRMARR the Troll Hunter began the quest for the Orb.
     0 | D:1      | Reached XP level 1. HP: 19/19 MP: 0/0
    86 | D:1      | Reached XP level 2. HP: 27/27 MP: 1/1
    91 | D:1      | Reached skill level 4 in Throwing
   733 | D:1      | Reached XP level 3. HP: 35/35 MP: 2/2
  1199 | D:2      | Reached skill level 1 in Unarmed Combat
  1199 | D:2      | Reached XP level 4. HP: 42/42 MP: 3/3
  1746 | D:3      | Found a faded altar of an unknown god.
  1986 | D:3      | Found a shimmering altar of Xom.
  1994 | D:3      | Reached XP level 5. HP: 49/49 MP: 4/4
  1998 | D:3      | Reached skill level 5 in Throwing
  2054 | D:3      | Reached skill level 1 in Stealth
  2295 | D:4      | Reached XP level 6. HP: 57/57 MP: 5/5
  2394 | D:4      | Found a hide-covered altar of Uskayaw.
  2448 | D:4      | Found a stormy altar of Qazlal.
  2448 | D:4      | Found a glowing golden altar of the Shining One.
  2449 | D:4      | Found a snail-covered altar of Cheibriados.
  2509 | D:4      | Found a burning altar of Makhleb.
  2628 | D:4      | Found a transporter.
  2628 | D:4      | Noticed TheOneDM's ghost (amateur FeBe)
  2705 | D:4      | Found a transporter.
  2714 | D:4      | Identified the +7 great mace of Quantum Leap {antimagic,
                  | rN++ Dex+3}
  2751 | D:4      | Found a shimmering blue altar of Sif Muna.
  3291 | D:5      | Entered Level 5 of the Dungeon
  3347 | D:5      | Found a blossoming altar of Fedhas.
  3347 | D:5      | Found a sacrificial altar of Ru.
  3354 | D:5      | Became a worshipper of Ru the Awakened
  3378 | D:5      | Reached XP level 7. HP: 63/63 MP: 6/6
  3564 | D:5      | Reached skill level 6 in Throwing
  3658 | D:5      | Found a staircase to the Ecumenical Temple.
  4354 | D:6      | Reached XP level 8. HP: 68/72 MP: 7/7
  4529 | D:6      | Reached skill level 5 in Unarmed Combat
  4665 | D:6      | Reached skill level 7 in Throwing
  5831 | D:7      | Noticed a deep elf pyromancer
  5841 | D:7      | Killed a deep elf pyromancer
  5842 | D:7      | Reached XP level 9. HP: 42/80 MP: 8/8
  6010 | D:7      | Paralysed by a hornet for 1 turns
  6202 | D:7      | Reached skill level 8 in Throwing
  6265 | D:7      | Paralysed by a hornet for 1 turns
  6834 | D:8      | Found Fiosagh's Serpentskin Sales.
  7035 | D:8      | Found a staircase to the Lair.
  7088 | D:8      | Learned a level 3 spell: Swiftness
  7513 | D:8      | Reached skill level 1 in Maces & Flails
  7870 | Lair:1   | Entered Level 1 of the Lair of Beasts
  8002 | Lair:1   | Reached XP level 10. HP: 65/92 MP: 9/9
  8109 | D:9      | Noticed a manticore
  8510 | D:9      | Reached skill level 9 in Throwing
  8665 | D:9      | Found a radiant altar of Vehumet.
  8876 | D:9      | Killed from afar by a manticore

Illustrated notes

Levels and vault maps discovered:
D:1:      amcnicky_arrival_double_pillar, layout_loops_ring
D:2:      layout_loops_ring
D:3:      layout_rooms, led_xom_imps, shapermc_ecumenical_altar_mp_vishouse,
          minmay_misc_feat_secret_circle
D:4:      layout_loops_ring, nicolae_overflow_quartered_altars,
          lemuel_blue_sif_altar, lemuel_tele_altar, gammafunk_ghost_smash,
          kennysheep_generic_room_16
D:5:      layout_loops_cross, gammafunk_temple_overflow_pools, temple_green,
          minivault_27
D:6:      layout_layer_cave
D:7:      layout_loops_ring, minmay_misc_feat_plants,
          hangedman_abyss_or_decor_stabs, minmay_manual_mares
D:8:      layout_loops_cross, dpeg_oklobed_lair, guppyfry_shop_venom
D:9:      layout_stronghold, vehumet_crystals
Lair:1:   layout_cave_shapes, lemuel_fruit_tree

Skill      XL: |  1  2  3  4  5  6  7  8  9 10 |
---------------+-------------------------------+-----
Throwing       | 4 5 6 7 8 9 |  9.3
Dodging        | 2 3 4 |  4.8
Unarmed Combat | 1 2 3 4 6 7 |  7.5
Stealth        | 1 2 3 |  3.0
Fighting       | 2 3 4 |  4.3
Maces & Flails | 2 4 |  4.4

Action                   |  1- 3 |  4- 6 |  7- 9 | 10-12 || total
-------------------------+-------+-------+-------+-------++-------
Melee: Unarmed           |    77 |    96 |   185 |       ||   358
       Punch             |       |     2 |     5 |       ||     7
       Giant spiked club |       |       |    66 |    41 ||   107
Throw: Large rock        |    42 |    24 |    15 |       ||    81
       Throwing net      |     1 |     7 |     1 |       ||     9
       Boomerang         |       |    38 |    78 |    69 ||   185
       Stone             |       |       |    27 |       ||    27
       Dart              |       |       |    12 |       ||    12
 Cast: Swiftness         |       |       |     2 |       ||     2
Invok: Reject Sacrifices |       |       |     1 |       ||     1
  Use: Scroll            |       |     1 |    15 |     2 ||    18
       Potion            |       |       |     1 |       ||     1
 Stab: Sleeping          |     1 |     1 |     5 |     1 ||     8
Armor: Robe              |    29 |    18 |    72 |     7 ||   126
Dodge: Dodged            |    40 |    34 |   141 |    31 ||   246
